 Dungeon Crawl Stone Soup version 0.29-a0-553-g81b289dbe5 (webtiles) character file.

Game seed: 7790227593819369261

114 kae the Firebug (level 4, -1/33 HPs)
             Began as a Demigod Fire Elementalist on June 6, 2022.
             Slain by an ufetubus (2 damage)
             ... on level 5 of the Dungeon.
             The game lasted 00:01:58 (3507 turns).

kae the Firebug (Demigod Fire Elementalist)         Turns: 3507, Time: 00:01:59

Health: -1/33      AC:  2    Str:  9    XL:     4   Next: 41%
Magic:  10/10      EV: 12    Int: 21    God:
Gold:   182        SH:  0    Dex: 14    Spells: 1/7 levels left

rFire   . . .      SeeInvis .   (no weapon)
rCold   . . .      Faith    .   (no shield)
rNeg    . . .      Spirit   .   a - +0 robe
rPois   .          Reflect  .   (no helmet)
rElec   .          Harm     .   (no cloak)
rCorr   .          Rampage  .   (no gloves)
Will    .....                   (no boots)
Stlth   ++........              j - amulet of the acrobat
HPRegen 0.11/turn               (no ring)
MPRegen 0.12/turn               (no ring)

@: no status effects
A: high MP 1, forlorn, divine attributes
a: no special abilities


You were on level 5 of the Dungeon.
You visited 1 branch of the dungeon, and saw 5 of its levels.

You collected 248 gold pieces.
You spent 66 gold pieces at shops.

Inventory:

Armour
 a - a +0 robe (worn)
Jewellery
 j - an amulet of the acrobat (around neck)
Scrolls
 c - 3 scrolls of enchant weapon
 i - a scroll of teleportation
 l - 2 scrolls of identify
 m - a scroll of fear {unknown}
Potions
 b - a potion of magic
 d - a potion of might
 e - a potion of curing
 f - 2 potions of resistance {unknown}
 g - a potion of attraction
 h - a potion of lignification
 k - a potion of cancellation {unknown}


   Skills:
 - Level 1.7 Dodging
 - Level 1.7 Stealth
 + Level 2.4 Spellcasting
 * Level 2.7 Conjurations
 * Level 3.7 Fire Magic


You had one spell level left.
You knew the following spells:

 Your Spells              Type           Power      Damage    Failure   Level
a - Foxfire               Conj/Fire      64%        2x1d7     3%          1
b - Scorch                Fire           36%        2d6       4%          2
c - Conjure Flame         Conj/Fire      16%        6-21      12%         3

Your spell library contained the following spells:

 Spells                   Type           Power      Damage    Failure   Level
 Static Discharge         Conj/Air       8%         N/A       12%         2
 Inner Flame              Hex/Fire       10%        N/A       21%         3
 Ensorcelled Hibernation  Hex/Ice        4%         N/A       22%         2
 Passwall                 Tmut/Erth      1%         N/A       22%         2
 Poisonous Vapours        Pois/Air       4%         N/A       22%         2
 Flame Wave               Conj/Fire      16%        2d6       36%         4
 Swiftness                Air            2%         N/A       38%         3
 Corpse Rot               Necr/Pois/Air  2%         N/A       80%         4
 Lightning Bolt           Conj/Air       4%         1d15      92%         5
 Maxwell's Capacitive Co  Air            1%         ∞         100%        8


Dungeon Overview and Level Annotations

Branches:
Dungeon (6/15)
 Temple: D:4-7

Shops:
D:2 (=(!


Innate Abilities, Weirdness & Mutations

You have an increased reservoir of magic. (+10% MP)
You shall have no god before yourself.
Your divine heritage dramatically boosts your attributes as you level up.


Message History

The ufetubus completely misses you. The ufetubus barely misses you.
The ufetubus completely misses you.
A gnoll comes into view. It is wielding a +0 club.
The ufetubus attacks as you move away! The ufetubus hits you.
The ufetubus completely misses you.
A gnoll comes into view. It is wielding a +0 whip.
The gnoll shouts! x2
The ufetubus closely misses you. The ufetubus completely misses you.
The gnoll throws a throwing net.
The throwing net misses you.
Things that are here:
a throwing net; a +0 dagger The ufetubus attacks as you move away!
The ufetubus misses you. The ufetubus closely misses you.
The ufetubus misses you. The ufetubus completely misses you.
There is a stone staircase leading down here.
The ufetubus hits you. x2; The gnoll throws a throwing net.
The throwing net hits you.
You become entangled in the net!
You stop descending the stairs.
You struggle against the net.
The ufetubus closely misses you. The ufetubus hits you. x3
The gnoll shaman hits you but does no damage.
You struggle against the net.
The ufetubus barely misses you. The ufetubus hits you.
* * * LOW HITPOINT WARNING * * *
You tear a large gash into the net.
The ufetubus barely misses you. The ufetubus hits you.
* * * LOW HITPOINT WARNING * * *
The ufetubus hits you.
* * * LOW HITPOINT WARNING * * *
The ufetubus hits you.
* * * LOW HITPOINT WARNING * * *
The gnoll shaman completely misses you.
You struggle against the net.
The ufetubus hits you but does no damage.
The ufetubus hits you.
* * * LOW HITPOINT WARNING * * *
The gnoll barely misses you. The gnoll shaman barely misses you.
You rip the net and break free!
The ufetubus barely misses you. The ufetubus closely misses you.
The ufetubus hits you.
You die...

#...##....###......##.....##
#.. ##...##..#...####..#..#
#.......##...# #....#.. #
##......#....###...## #.
#........##..#...## ##.
..#.......###...#..# #..
......g.#.....####.# #.#
..###.g5####.## #.# #. #.#
..##...g@## #.## .##.. #.#
#.....#.g..# ##.## #..# ..#
###....####...####..## #...#
..##.....#
#....##....##..#.. .....#
#.# #..............# ###.##
#.## ##..###.......##
##.###..# ##..## #.###...##
#..##..####...###..##.....#
##..#......##..##.###..##.#


You could see a gnoll shaman, 3 gnolls and an ufetubus.

Vanquished Creatures
  An orc priest (D:6)
  3 adders
  3 dart slugs
  2 worms (D:2)
  An orc (D:6)
  6 bats
  4 endoplasms
  A giant cockroach (D:1)
  2 goblins
  2 hobgoblins (D:3)
  4 jackals (D:2)
  4 kobolds
  4 quokkas
  4 ball pythons
  A frilled lizard (D:3)
  2 rats
44 creatures vanquished.

Vanquished Creatures (collateral kills)
  2 foxfires (D:2)
2 creatures vanquished.

Vanquished Creatures (others)
  122 foxfires
122 creatures vanquished.

Grand Total: 168 creatures vanquished

Notes
Turn   | Place    | Note
-------+----------+-------------------------------------------
     0 | D:1      | kae the Demigod Fire Elementalist began the quest for the
                  | Orb.
     0 | D:1      | Reached XP level 1. HP: 14/14 MP: 5/5
    94 | D:1      | Reached skill level 1 in Conjurations
   806 | D:1      | Reached XP level 2. HP: 20/20 MP: 2/7
   809 | D:1      | Learned a level 2 spell: Scorch
   972 | D:1      | Reached skill level 3 in Fire Magic
  1436 | D:2      | Found Kyvenodd's Distillery.
  1445 | D:2      | Bought a potion of curing for 33 gold pieces
  1445 | D:2      | Bought a potion of lignification for 33 gold pieces
  1450 | D:2      | Found Osaper's Jewellery Emporium.
  1748 | D:2      | Found Zezatz Loehu's Weapon Emporium.
  1836 | D:2      | Found Qasoikiz's General Store.
  1874 | D:2      | Reached XP level 3. HP: 26/26 MP: 4/8
  1878 | D:2      | Learned a level 3 spell: Conjure Flame
  1982 | D:2      | Found Pinen's Antique Weapon Boutique.
  3250 | D:3      | You fall into a shaft and drop 3 floors!
  3292 | D:6      | Reached XP level 4. HP: 33/33 MP: 2/10
  3353 | D:5      | Entered Level 5 of the Dungeon
  3506 | D:5      | HP: 1/33 [ufetubus (1)]
  3507 | D:5      | Slain by an ufetubus

Illustrated notes

Levels and vault maps discovered:
D:1:      heliophobic_arrival_ceremonial_halls, layout_loops_ring
D:2:      cheibrodos_old_hovel, layout_rooms, serial_shops, nicolae_shop_stone,
          nicolae_shop_advertising_works [nicolae_subvault_shop_adworks],
          nicolae_shop_statue_plus, shop_coins, nicolae_shop_hallway_plus,
          kennysheep_nub, minmay_misc_feat_square
D:3:      layout_loops_corners, led_xom_imps, corexii_corridor_pit,
          kennysheep_another_room
D:5:      layout_layer_cave
D:6:      layout_basic, uniq_eustachio

Skill      XL: |  1  2  3 |
---------------+----------+-----
Conjurations   | 1 2 |  2.7
Fire Magic     | 3 |  3.7
Spellcasting   | 2 |  2.4
Dodging        | |  1.7
Stealth        | |  1.7

Action                   |  1- 3 |  4- 6 || total
-------------------------+-------+-------++-------
Melee: Unarmed           |     4 |     2 ||     6
 Cast: Foxfire           |    76 |     1 ||    77
       Scorch            |    13 |     1 ||    14
  Use: Scroll            |     7 |       ||     7
Armor: Robe              |     5 |     4 ||     9
Dodge: Dodged            |    45 |    24 ||    69

Table legend: (Time is in decaauts)
 A = Elapsed time spent in this place.
 B = Non-inter-level travel time spent in this place.
 C = Inter-level travel time spent in this place.
 D = Time resting spent in this place.
 E = Time spent auto-exploring this place.
 F = Levels seen in this place.
 G = Mean time per level.
                   A        B        C        D        E       F      G
               +--------+--------+--------+--------+--------+-----+--------+
         Total |   3506 |   3457 |     49 |     54 |   3025 |   5 |  701.2 |
       Dungeon |   3506 |   3457 |     49 |     54 |   3025 |   5 |  701.2 |
               +--------+--------+--------+--------+--------+-----+--------+

Top non-repeatable levels by time:
     D:1: 1152 daAuts
     D:3: 1057 daAuts
     D:2: 1039 daAuts
     D:5: 153 daAuts
     D:6: 102 daAuts
